 Dungeon Crawl Stone Soup version 0.27.1 (webtiles) character file.

Game seed: 13157638678009220165

41993 Thatpatchoflichen the Warrior (level 13, -2/127 HPs)
             Began as a Minotaur Fighter on Aug 24, 2021.
             Was an Elder of the Shining One.
             Slain by a quicksilver ooze (12 damage)
             ... on level 6 of the Lair of Beasts.
             The game lasted 01:12:55 (22626 turns).

Thatpatchoflichen the Warrior (Minotaur Fighter)   Turns: 22626, Time: 01:12:55

Health: -2/127     AC: 26    Str: 32    XL:     13   Next: 83%
Magic:  3/18       EV: 14    Int:  8    God:    the Shining One [****..]
Gold:   1045       SH:  0    Dex: 16    Spells: 12/12 levels left

rFire    . . .     SeeInvis .   x - +9 short sword of Causality {spect, Int+3}
rCold    . . .     Faith    .   c - +0 kite shield
rNeg     + + .     Spirit   .   k - +4 plate armour {ponderous}
rPois    .         Reflect  .   D - +1 hat
rElec    .         Harm     .   s - +1 cloak {Will+}
rCorr    .         Rampage  .   U - +0 pair of gloves
Will     +....                  r - +2 pair of boots
Stlth    ..........             (no amulet)
HPRegen  0.31/turn              f - +6 ring of strength
MPRegen  0.16/turn              h - +6 ring of strength

@: confused, glowing, slow
A: horns 2, retaliatory headbutt
a: Renounce Religion, Divine Shield, Cleansing Flame


You were on level 6 of the Lair of Beasts.
You worshipped the Shining One.
The Shining One was greatly pleased with you.
You visited 6 branches of the dungeon, and saw 20 of its levels.

You collected 1187 gold pieces.
You spent 99 gold pieces at shops.
You donated 43 gold pieces to Zin.

Inventory:

Hand Weapons
 m - a +1 dagger of holy wrath
 x - the +9 short sword of Causality (weapon) {spect, Int+3}
   (You found it on level 4 of the Lair of Beasts)

   When its wielder attacks, the weapon's spirit leaps out and strikes again.
   The spirit shares a part of any damage it takes with its wielder.
   Int:       It affects your intelligence (+3).
 C - a +1 spear of flaming
 G - a +0 longbow
 N - a +5 falchion of freezing
Missiles
 j - 10 silver javelins
 y - 68 poisoned darts
 z - 125 arrows
 M - 5 atropa-tipped darts
 X - 4 boomerangs
Armour
 c - a +0 kite shield (worn)
 k - a +4 plate armour of ponderousness (worn)
 r - a +2 pair of boots (worn)
 s - a +1 cloak of willpower (worn)
 D - a +1 hat (worn)
 J - the +3 ring mail of Plog {rElec Will+ Int-4}
   (You found it on level 5 of the Dungeon)

   Int:       It affects your intelligence (-4).
   rElec:     It insulates you from electricity.
   Will:      It increases your willpower.
 U - a +0 pair of gloves (worn)
Jewellery
 f - a +6 ring of strength (left hand)
 h - a +6 ring of strength (right hand)
 l - a ring of poison resistance
 p - a ring of willpower
 q - a ring of protection from cold
 R - a ring of see invisible
 T - a ring of protection from fire
Wands
 a - a wand of digging (4)
 g - a wand of polymorph (21)
 K - a wand of iceblast (18)
Scrolls
 b - 2 scrolls of fog
 w - 5 scrolls of fear
 A - 3 scrolls of vulnerability {unknown}
 F - 4 scrolls of blinking
 L - a scroll of silence
 O - a scroll of noise {unknown}
 P - 2 scrolls of magic mapping {unknown}
 Q - 5 scrolls of teleportation
 Y - a scroll of torment {unknown}
Potions
 d - 4 potions of might
 e - a potion of flight
 n - a potion of ambrosia
 o - 3 potions of brilliance
 t - 2 potions of resistance
 u - 2 potions of mutation
 B - 2 potions of degeneration {unknown}
 E - 5 potions of curing
 H - a potion of heal wounds
 S - 2 potions of lignification
 V - a potion of haste {unknown}
 Z - a potion of magic {unknown}
Miscellaneous
 v - a tin of tremorstones (2/2) (quivered)


   Skills:
 + Level 15.5 Fighting
 - Level 4.1 Polearms
 - Level 10.0 Armour
 + Level 12.0 Dodging
 - Level 15.0 Shields
 - Level 8.0 Invocations


You had 12 spell levels left.
You didn't know any spells.
Your spell library contained the following spells:

 Spells                   Type           Power      Damage    Failure   Level
 Beastly Appendage        Tmut           0%         N/A       95%         1
 Corona                   Hex            0%         N/A       95%         1
 Sting                    Tmut/Pois      0%         1d3       95%         1
 Summon Small Mammal      Summ           0%         N/A       95%         1
 Corpse Rot               Necr/Air       N/A        N/A       99%         2
 Ensorcelled Hibernation  Hex/Ice        0%         N/A       99%         2
 Poisonous Vapours        Pois/Air       0%         N/A       99%         2
 Slow                     Hex            0%         N/A       99%         2
 Wereblood                Tmut           0%         N/A       99%         2
 Call Canine Familiar     Summ           0%         N/A       100%        3
 Confusing Touch          Hex            0%         N/A       100%        3
 Spider Form              Tmut/Pois      0%         N/A       100%        3
 Summon Guardian Golem    Hex/Summ       0%         N/A       100%        3
 Tukima's Dance           Hex            0%         N/A       100%        3
 Olgreb's Toxic Radiance  Pois           0%         N/A       100%        4
 Freezing Cloud           Conj/Ice/Air   0%         6-21      100%        5
 Yara's Violent Unravell  Hex/Tmut       0%         3d3       100%        5


Dungeon Overview and Level Annotations

Branches:
Dungeon (10/15)            Temple (1/1) D:7            Lair (6/6) D:9
  Swamp (1/4) Lair:2        Snake (0/4) Lair:4        Slime (1/5) Lair:6
    Orc (1/2) D:10

Altars:
Ashenzari
Cheibriados
Dithmenos
Elyvilon
Fedhas
Gozag
Hepliaklqana
Kikubaaqudgha
Makhleb
Nemelex Xobeh
Okawaru
Qazlal
Ru
Sif Muna
Trog
Uskayaw
Vehumet
Wu Jian
Xom
Yredelemnul
Zin
The Shining One
Beogh

Shops:
D:5 !

Annotations:
Lair:4 exclusion: 3 oklob plants


Innate Abilities, Weirdness & Mutations

You have a pair of horns on your head.
You reflexively headbutt those who attack you in melee.


Message History

The quicksilver ooze engulfs you!
The quicksilver ooze closely misses you.
The golden eye blinks!
The quicksilver ooze hits you.
The quicksilver ooze hits you but does no damage.
Non-targeted evoke: tin of tremorstones (2/2)
Press: ? - help, Q - select action, (/) - cycle Dir - look around, f - activate You are too confused!
Non-targeted evoke: tin of tremorstones (2/2)
Press: ? - help, Q - select action, (/) - cycle Dir - look around, f - activate
Okay, then.
Unknown command.
You slip free of the ooze engulfing you.
You gasp with relief as air once again reaches your lungs.
The golden eye blinks at you.
You are more confused.
The quicksilver ooze hits you. The quicksilver ooze engulfs you!
The quicksilver ooze misses you. The golden eye blinks at you.
You easily resist.
You bump into the stone wall.
* * * LOW HITPOINT WARNING * * *
Your lungs strain for air!
The quicksilver ooze hits you.
The quicksilver ooze hits you but does no damage.
The golden eye blinks at you. You resist with almost no effort.
The quicksilver ooze hits you.
The quicksilver ooze hits you but does no damage.
You slip free of the ooze engulfing you.
You gasp with relief as air once again reaches your lungs.
The golden eye blinks at you. You resist with almost no effort.
The golden eye blinks at you. You resist with almost no effort.
The golden eye blinks at you. You resist with almost no effort.
You closely miss the quicksilver ooze.
Your headbutt misses the quicksilver ooze.
Your +9 short sword of Causality {spect, Int+3} hits the quicksilver ooze.
The quicksilver ooze hits you!
You die...

#..^≈≈≈.≈≈≈≈≈≈###...≈....
#.....≈≈≈≈≈≈≈≈≈##.P......
###.......≈.≈≈≈≈≈≈#P.......
#######...≈..P........≈.####.....
#.#.#........≈.≈.≈≈.≈####........
.#........#.##≈.#P≈####....[.....
........##.###..#..###...........
.......#####.....................
.......# #..#.#@(.###...........
....#### ##.###GJ.###...........
....# ##..###G...##...........
....# #......................#
....### #.......>............#.#
......# #...................####
....PP# ##........#.#.....#####.
.....## ##...###...###....###.##.
#.....# #..........#.#...##.##...


You could see a quicksilver ooze, 2 golden eyes and a friendly +9 short sword of
Causality {spect, Int+3} (summoned).

Vanquished Creatures
  Gastronok (Lair:3)
  2 boulder beetles (Lair:3)
  4 hydras
  4 death yaks (Lair:4)
  6 black mambas
  22 cane toads
  A kobold demonologist (D:9)
  An unseen horror (D:10)
  3 rime drakes
  7 komodo dragons
  A troll (D:9)
  2 polar bears
  3 tyrant leeches (Lair:6)
  25 blink frogs
  A slime creature (Lair:6)
  6 dream sheep (Lair:5)
  2 shadows
  A vampire (D:7)
  27 yaks
  6 wyverns
  A wraith (D:9)
  3 golden eyes
  5 vampire mosquitoes (Lair:6)
  5 basilisks
  5 steam dragons
  Menkaure (D:4)
  3 nagas (Lair:4)
  A swamp worm (Lair:2)
  An acid dragon (D:9)
  15 water moccasins
  8 orc warriors
  2 black bears (D:6)
  3 ice beasts
  4 ogres
  15 wolves
  15 bullfrogs
  11 killer bees
  9 wights
  3 electric eels
  3 centaur zombies
  2 hounds
  5 jellies
  A gnoll shaman (D:4)
  4 orc priests (D:10)
  3 bullfrog skeletons
  3 iguanas
  A scorpion zombie (D:3)
  5 orc wizards
  3 gnolls
  A howler monkey skeleton (D:6)
  An adder (D:5)
  2 shadow imps (D:8)
  2 white imps (D:7)
  An ufetubus (D:6)
  An adder skeleton (D:2)
  3 worms
  2 dart slugs
  26 orcs
  3 endoplasms
  3 giant cockroaches
  9 goblins
  8 hobgoblins
  12 jackals
  13 kobolds
  4 quokkas
  3 ball pythons
  4 bats
  4 frilled lizards
  7 rats
  A butterfly (Lair:4)
375 creatures vanquished.

Vanquished Creatures (others)
  22 fungi
  88 plants
110 creatures vanquished.

Grand Total: 485 creatures vanquished

Notes
Turn   | Place    | Note
-------+----------+-------------------------------------------
     0 | D:1      | Thatpatchoflichen the Minotaur Fighter began the quest for
                  | the Orb.
     0 | D:1      | Reached XP level 1. HP: 19/19 MP: 0/0
   191 | D:1      | Reached XP level 2. HP: 25/27 MP: 1/1
   285 | D:1      | Reached skill level 1 in Dodging
   423 | D:1      | Reached XP level 3. HP: 32/33 MP: 2/2
  2115 | D:3      | Reached XP level 4. HP: 41/41 MP: 3/3
  2366 | D:3      | Found a sparkling altar of Nemelex Xobeh.
  2740 | D:4      | Found a hide-covered altar of Uskayaw.
  2784 | D:4      | Noticed Menkaure
  2793 | D:4      | Killed Menkaure
  2794 | D:4      | Reached skill level 5 in Fighting
  2794 | D:4      | Reached skill level 5 in Armour
  2794 | D:4      | Reached skill level 5 in Shields
  2794 | D:4      | Reached XP level 5. HP: 23/48 MP: 4/4
  3242 | D:4      | Found a white marble altar of Elyvilon.
  3247 | D:4      | Found a blossoming altar of Fedhas.
  3252 | D:4      | Found a snail-covered altar of Cheibriados.
  3551 | D:5      | Entered Level 5 of the Dungeon
  3560 | D:4      | Reached XP level 6. HP: 51/56 MP: 5/5
  4082 | D:5      | Reached XP level 7. HP: 53/62 MP: 6/6
  4217 | D:5      | Found Jogirug's Distillery.
  4237 | D:5      | Bought a potion of curing for 33 gold pieces
  4237 | D:5      | Bought a potion of curing for 33 gold pieces
  4237 | D:5      | Bought a potion of curing for 33 gold pieces
  4597 | D:5      | Identified the +3 ring mail of Plog {rElec Will+ Int-4}
  4737 | D:5      | Reached skill level 5 in Dodging
  5023 | D:6      | Reached XP level 8. HP: 70/70 MP: 7/7
  5301 | D:6      | Found a stormy altar of Qazlal.
  5405 | D:6      | Found an iron altar of Okawaru.
  6016 | D:7      | Reached XP level 9. HP: 70/81 MP: 8/8
  6017 | D:7      | Found a staircase to the Ecumenical Temple.
  6033 | Temple   | Entered the Ecumenical Temple
  6458 | Temple   | Became a worshipper of Zin the Law-Giver
  6458 | Temple   | Reached * piety under Zin
  6527 | D:7      | Found a sacrificial altar of Ru.
  6955 | D:7      | Reached ** piety under Zin
  7238 | D:7      | Reached skill level 1 in Invocations
  8629 | D:9      | Noticed a troll
  8649 | D:9      | Killed a troll
  8820 | D:8      | HP: 3/84 [something (14)]
  9177 | D:9      | Noticed a kobold demonologist
  9194 | D:9      | Killed a kobold demonologist
  9195 | D:9      | Reached XP level 10. HP: 85/91 MP: 11/11
  9282 | D:9      | Reached skill level 10 in Fighting
  9469 | D:9      | Reached *** piety under Zin
  9520 | D:9      | Reached skill level 10 in Shields
  9828 | D:9      | Found a basalt altar of Yredelemnul.
  9831 | D:9      | Noticed a profane servitor
  9839 | D:9      | Found a glowing golden altar of the Shining One.
  9841 | D:9      | Noticed an angel
  9846 | D:9      | Fell from the grace of Zin
  9846 | D:9      | Became a worshipper of the Shining One
  9846 | D:9      | Reached * piety under the Shining One
  9906 | D:9      | Reached skill level 10 in Dodging
  9987 | D:9      | Reached ** piety under the Shining One
 10716 | D:9      | Found a staircase to the Lair.
 10988 | D:10     | Entered Level 10 of the Dungeon
 11265 | D:10     | Found a staircase to the Orcish Mines.
 12483 | Orc:1    | Entered Level 1 of the Orcish Mines
 12563 | Lair:1   | Entered Level 1 of the Lair of Beasts
 12610 | Lair:1   | Noticed a cane toad
 12618 | Lair:1   | Killed a cane toad
 12619 | Lair:1   | Reached XP level 11. HP: 101/102 MP: 13/13
 13230 | Lair:1   | You fall into a shaft and drop 1 floor!
 13860 | Lair:2   | Noticed a four-headed hydra
 13869 | Lair:1   | Killed a four-headed hydra
 14076 | Lair:2   | Reached skill level 10 in Armour
 14509 | Lair:2   | Found a staircase to the Swamp.
 14525 | Swamp:1  | Entered Level 1 of the Swamp
 15048 | Lair:3   | Reached *** piety under the Shining One
 15087 | Lair:3   | Reached XP level 12. HP: 100/113 MP: 14/14
 15519 | Lair:3   | Noticed a boulder beetle
 15951 | Lair:3   | Killed a boulder beetle
 16455 | Lair:3   | Noticed Gastronok
 16468 | Lair:3   | Killed Gastronok
 16495 | Lair:3   | Noticed a boulder beetle
 16946 | Lair:3   | Killed a boulder beetle
 17119 | Lair:3   | Reached skill level 5 in Invocations
 17428 | Lair:4   | Found a staircase to the Snake Pit.
 17445 | Lair:4   | Identified the +9 short sword of Causality {spect, Int+3}
 17745 | Lair:4   | Noticed a four-headed hydra
 17782 | Lair:4   | Killed a four-headed hydra
 19170 | Lair:5   | Noticed a death yak
 19172 | Lair:5   | Noticed a death yak
 19173 | Lair:5   | Noticed a death yak
 19174 | Lair:5   | Noticed a death yak
 19232 | Lair:4   | Killed a death yak
 19344 | Lair:4   | Killed a death yak
 19351 | Lair:4   | Killed a death yak
 19352 | Lair:4   | Reached XP level 13. HP: 31/124 MP: 17/17
 19986 | Lair:5   | Reached skill level 15 in Shields
 20834 | Lair:6   | Entered Level 6 of the Lair of Beasts
 21073 | Lair:6   | Reached **** piety under the Shining One
 21088 | Lair:6   | Found a staircase to the Slime Pits.
 21521 | Lair:6   | Reached skill level 15 in Fighting
 22604 | Slime:1  | Entered Level 1 of the Pits of Slime
 22604 | Slime:1  | Noticed a quicksilver ooze
 22622 | Lair:6   | The Shining One protects you from harm!
 22626 | Lair:6   | Slain by a quicksilver ooze

Illustrated notes

Levels and vault maps discovered:
D:1:      sevenhm_arrival_forest_fort_large_1, layout_basic
D:2:      layout_basic, wad_floor_pattern_untrapped
D:3:      layout_basic, nemelex_spade_bored_becter, hangedman_decor_growths
D:4:      layout_cave_pods, nicolae_uskayaw_murder_on_the_dancefloor,
          minmay_overflow_temple_star_quad, glass_columns_a, uniq_menkaure
D:5:      layout_basic, serial_shops, shop_coins, hex_medium
D:6:      layout_rooms, overflow_temple_1_default, okawaru_trees_2,
          kennysheep_big_empty_room, minmay_small_thing
D:7:      layout_gridville, lemuel_crystal_altar, minmay_temple_entry_glass
D:8:      layout_loops_ring
D:9:      layout_roguey, grunt_temple_overflow_holy_war, erik_lair_dragon,
          kennysheep_generic_room_2
D:10:     layout_layer_cave, minmay_orc_entry_temple_small
Temple:   minmay_temple_forest_path
Lair:1:   layout_long_grid, lemuel_fruit_fields
Lair:2:   layout_hall_layers, swamp_mist_pool
Lair:3:   layout_misc_corridors, nzn_sisyphean_effort, uniq_gastronok
Lair:4:   layout_gridlike, minmay_snake_entry_guardpost_small,
          lemuel_fruit_fields, minmay_lair_oklob_chamber
Lair:5:   layout_regular_city, beast_lair_carwin_9
Lair:6:   minmay_lair_end_frog_pond, layout_cave_pods,
          minmay_slime_entry_pillars
Swamp:1:  nicolae_swamp_long_stream, layout_falls_marsh,
          evilmike_swamp_ruin_rubble_2, swamp_pool1,
          nicolae_swamp_soggy_hallways
Slime:1:  layout_caves
Orc:1:    layout_caves, nicolae_shop_clearance

Skill      XL: |  1  2  3  4  5  6  7  8  9 10 11 12 13 |
---------------+----------------------------------------+-----
Fighting       | 4 5 6 8 9 11 12 14 15 | 15.5
Dodging        | 1 2 3 4 6 7 9 10 12 | 12.0
Armour         | 4 5 6 7 10 | 10.0
Shields        | 4 5 6 8 9 11 13 14 15 | 15.0
Invocations    | 3 4 6 8 |  8.0
Polearms       | 4 |  4.1

Action                   |  1- 3 |  4- 6 |  7- 9 | 10-12 | 13-15 || total
-------------------------+-------+-------+-------+-------+-------++-------
Melee: Trident           |    99 |    99 |       |       |       ||   198
       Headbutt          |    19 |    15 |    59 |   201 |    78 ||   372
       Spear             |       |       |    59 |    29 |       ||    88
       Falchion          |       |       |   130 |   428 |       ||   558
       Short sword       |       |       |       |    69 |   225 ||   294
Invok: Divine Shield     |       |       |       |     1 |       ||     1
  Use: Scroll            |       |       |     5 |     7 |     4 ||    16
       Potion            |       |       |     2 |     1 |     1 ||     4
Armor: Scale mail        |    56 |    21 |       |       |       ||    77
       Chain mail        |       |    40 |    12 |       |       ||    52
       Ring mail         |       |       |    94 |    52 |       ||   146
       Plate armour      |       |       |       |   162 |   120 ||   282
Dodge: Dodged            |    37 |    36 |   128 |   287 |   112 ||   600
Block: Kite shield       |    76 |    92 |   167 |   509 |   182 ||  1026
       Rpst.: Falchion   |       |       |    21 |    52 |       ||    73
